 Dungeon Crawl Stone Soup version 0.31-a0-691-g409c26aa35 (webtiles) character file.

Game seed: 9892528968343465755

537 lunkers the Martial Artist (level 7, -3/52 HPs)
             Began as a Meteoran Shapeshifter on Sept 6, 2023.
             Killed from afar by an orc wizard (6 damage)
             ... with a puff of flame
             ... on level 4 of the Dungeon.
             The game lasted 00:05:22 (1407 turns).

lunkers the Martial Artist (Meteoran Shapeshifter)  Turns: 1407, Time: 00:05:23

Health: -3/52      AC:  8    Str: 15    XL:     7   Next: 80%
Magic:  17/17      EV:  7    Int: 11    God:
Gold:   147        SH:  0    Dex: 17    Spells: 6/6 levels left

rFire   . .          .
                       - Unarmed
rCold   . . .        (no shield)
rNeg    . . .        p - +0 chain mail
rPois   .            (helmet currently unavailable)
rElec   .            (cloak currently unavailable)
rCorr   .            (gloves currently unavailable)
SInv    .            (boots currently unavailable)
Will    .....        t - amulet of the acrobat Stlth
                     j - ring of magical power
HPRegen 0.28/turn    (no ring)
MPRegen 0.15/turn

%: acrobat
@: beast-form, glowing
A: beast (slay +3), sense surroundings 1, otherworldly, glowing, explore regen
a: Begin Untransformation


You were on level 4 of the Dungeon.
You were a hulking beast.
You visited 1 branch of the dungeon, and saw 6 of its levels.

You collected 147 gold pieces.

Inventory:

Hand Weapons
 o - the +4 sling of the Orcish Mines {drain, Str+8}
   (You found it on level 2 of the Dungeon)

   Str+8:     It affects your strength (+8).
Missiles
 f - a throwing net
Armour
 a - a +0 animal skin
 k - a +1 pair of gloves
 p - a +0 chain mail (worn)
Jewellery
 j - a ring of magical power (left hand)
 t - an amulet of the acrobat (around neck)
Talismans
 c - a beast talisman (active)
 d - a flux talisman
Scrolls
 b - a scroll of teleportation {unknown}
 e - 3 scrolls of identify {unknown}
 h - a scroll of enchant armour {unknown}
 i - a scroll of amnesia {unknown}
 l - a scroll of fog {unknown}
 m - 2 scrolls of revelation {unknown}
 s - a scroll of poison {unknown}
 u - a scroll of fear {unknown}
Potions
 g - 2 potions of resistance {unknown}
 n - a potion of heal wounds {unknown}
 q - a potion of haste {unknown}
 r - a potion of berserk rage {unknown}


   Skills:
 - Level 1.1 Fighting
 - Level 2.1 Dodging
 * Level 8.2 Unarmed Combat
 + Level 6.0 Shapeshifting


You had 6 spell levels left.
You didn't know any spells.
Your spell library contained the following spells:

 Spells                   Type           Power      Damage    Failure   Level
 Summon Small Mammal      Summ           0%         N/A       99%         1
 Poisonous Vapours        Pois/Air       0%         N/A       100%        2
 Call Canine Familiar     Summ           0%         N/A       100%        3
 Mephitic Cloud           Conj/Pois/Air  0%         N/A       100%        3
 Summon Guardian Golem    Hex/Summ       0%         N/A       100%        3
 Freezing Cloud           Conj/Ice/Air   0%         6-21      100%        5


Dungeon Overview and Level Annotations

Branches:
Dungeon (6/15) Zot: 2212
 Temple: D:4-7

Altars:


Innate Abilities, Weirdness & Mutations

You are a hulking beast.
Your limbs bulge with bestial killing power. (Slay +3)
You passively map a small area around you.
You are easily found by Zot.
You glow in the dark.
You regain HP and MP as you explore.


Message History

The orc attacks as it pursues you! The orc hits you but does no damage.
Unknown command.
Something hits you but does no damage. The orc attacks as it pursues you!
The orc completely misses you.
You miss something.
You feel less confused. Something hits you but does no damage.
The orc hits you from afar with a +0 trident.
* * * LOW HITPOINT WARNING * * *
You hit something but do no damage. Your punch misses something.
You hear some strange, mumbled words.
A magic dart appears from out of thin air!
The magic dart hits you!
* * * LOW HITPOINT WARNING * * *
You hit something. The orc hits you but does no damage.
You hit something.
The orc hits you from afar with a +0 trident.
* * * LOW HITPOINT WARNING * * *
Something closely misses you. The orc hits you with a +0 trident.
* * * LOW HITPOINT WARNING * * *
You hit the orc.
The orc is almost dead.
Something hits you.
* * * LOW HITPOINT WARNING * * *
The orc hits you with a +0 trident.
* * * LOW HITPOINT WARNING * * *
You hit the orc.
You kill the orc!
Something hits you.
* * * LOW HITPOINT WARNING * * *
Your Shapeshifting skill increases to level 6!
Something hits you but does no damage.
You see here a +0 trident.
Something hits you but does no damage. Something completely misses you.
You closely miss something.
You hear some strange, mumbled words.
A puff of flame appears from out of thin air!
The puff of flame hits you.
You die...

#...##
##############.....
######.........)........
#......############.....
##.######## #.....
#.........####### ######
#>............... , , *
#.#............# *,
#)##....h{.....# ,
#)##.....).....#
#....).).)######
#########)# #..........#
#.#<.......# ###......#
,, .......# #...)...#


There were no monsters in sight!

Vanquished Creatures
  Menkaure (D:5)
  2 ogres (D:4)
  A kobold brigand (D:4)
  Terence (D:2)
  An orc wizard (D:4)
  3 gnolls (D:4)
  An adder (D:4)
  2 shadow imps (D:6)
  A white imp (D:6)
  A dart slug (D:1)
  3 orcs (D:4)
  3 ball pythons
  5 endoplasms
  3 giant cockroaches
  10 goblins
  2 hobgoblins
  4 jackals (D:4)
  3 quokkas
  7 bats
  2 frilled lizards (D:1)
  5 kobolds
  5 rats
66 creatures vanquished.

Notes
Turn   | Place    | Note
-------+----------+-------------------------------------------
     0 | D:1      | lunkers the Meteoran Shapeshifter began the quest for the
                  | Orb.
     0 | D:1      | Reached XP level 1. HP: 16/16 MP: 2/2
    47 | D:1      | Reached XP level 2. HP: 13/23 MP: 3/3
    49 | D:1      | Reached skill level 4 in Unarmed Combat
   105 | D:1      | Reached XP level 3. HP: 18/28 MP: 4/4
   447 | D:2      | Noticed Terence
   457 | D:2      | Killed Terence
   458 | D:2      | Reached skill level 5 in Unarmed Combat
   458 | D:2      | Reached XP level 4. HP: 35/35 MP: 5/5
   571 | D:2      | Identified the +4 sling of the Orcish Mines {drain, Str+8}
   857 | D:3      | You fall into a shaft and drop 3 floors!
   883 | D:6      | Reached XP level 5. HP: 36/40 MP: 6/6
   905 | D:5      | Entered Level 5 of the Dungeon
   913 | D:5      | Noticed Menkaure
   915 | D:5      | HP: 2/40 [Menkaure (21)]
   918 | D:5      | Killed Menkaure
   919 | D:5      | Reached skill level 6 in Unarmed Combat
   919 | D:5      | Reached skill level 5 in Shapeshifting
   919 | D:5      | Reached XP level 6. HP: 5/47 MP: 7/7
  1032 | D:4      | Reached skill level 7 in Unarmed Combat
  1111 | D:4      | Noticed an ogre
  1115 | D:4      | Killed an ogre
  1116 | D:4      | Reached XP level 7. HP: 29/52 MP: 8/8
  1376 | D:4      | Reached skill level 8 in Unarmed Combat
  1403 | D:4      | HP: 2/52 [something (3)]
  1407 | D:4      | Killed from afar by an orc wizard

Illustrated notes

Levels and vault maps discovered:
D:1:      saegor_arrival_simple_a, layout_loops_ring, nicolae_eternal_life,
          minmay_small_reverse_x
D:2:      layout_basic, uniq_terence
D:3:      layout_basic, mainiacjoe_overflow_paths, uniq_ijyb, uniq_grinder
D:4:      kennysheep_the_goblin_king, layout_basic, minmay_temple_entry_fiery
D:5:      layout_cave_pools, gammafunk_temple_overflow_wave,
          uniq_prince_ribbit1, uniq_duvessa, uniq_menkaure
D:6:      layout_rooms, serial_demonic, serial_demonic_c, serial_demonic_e,
          serial_demonic_g, serial_demonic_a, uniq_maggie

Skill      XL: |  1  2  3  4  5  6  7 |
---------------+----------------------+-----
Unarmed Combat | 4 5 6 7 8 |  8.2
Shapeshifting  | 4 5 6 |  6.0
Fighting       | |  1.1
Dodging        | |  2.1

Action                     |  1- 3 |  4- 6 |  7- 9 || total
---------------------------+-------+-------+-------++-------
  Melee: Unarmed           |    62 |    65 |    57 ||   184
         Punch             |     1 |     3 |       ||     4
    Use: Potion            |     1 |     1 |       ||     2
 Armour: Animal skin       |    33 |     3 |       ||    36
         Skin              |     7 |     4 |       ||    11
         Chain mail        |       |    54 |    43 ||    97
  Dodge: Dodged            |    42 |    36 |    29 ||   107

Table legend: (Time is in decaauts)
 A = Elapsed time spent in this place.
 B = Non-inter-level travel time spent in this place.
 C = Inter-level travel time spent in this place.
 D = Time resting spent in this place.
 E = Time spent auto-exploring this place.
 F = Levels seen in this place.
 G = Mean time per level.
                   A        B        C        D        E       F      G
               +--------+--------+--------+--------+--------+-----+--------+
         Total |   1386 |   1352 |     34 |     69 |    817 |   6 |  231.0 |
       Dungeon |   1386 |   1352 |     34 |     69 |    817 |   6 |  231.0 |
               +--------+--------+--------+--------+--------+-----+--------+

Top non-repeatable levels by time:
     D:1: 401 daAuts
     D:4: 393 daAuts
     D:3: 271 daAuts
     D:2: 178 daAuts
     D:5: 94 daAuts
     D:6: 47 daAuts
